 Dungeon Crawl Stone Soup version 0.22-a0-443-g17c3723 (webtiles) character file.

3218 Supreme the Fighter (level 9, -3/90 HPs)
             Began as a Deep Dwarf Necromancer on May 31, 2018.
             Was a Follower of Makhleb.
             Slain by a hippogriff (4 damage)
             ... on level 8 of the Dungeon on June 1, 2018.
             The game lasted 01:49:12 (9050 turns).

Supreme the Fighter (Deep Dwarf Necromancer)        Turns: 9050, Time: 01:49:14

Health: -3/90      AC:  7    Str: 13    XL:     9   Next: 65%
Magic:  13/17      EV: 19    Int: 20    God:    Makhleb [*.....]
Gold:   369        SH:  0    Dex: 18    Spells: 10/19 levels left

rFire    . . .     SeeInvis +   s - +11 whip of the Thirteen Emperors {chaos, rPois rN+ SInv}
rCold    . . .     Gourm    .   (no shield)
rNeg     + . .     Faith    .   a - +0 robe
rPois    +         Spirit   .   F - +1 helmet
rElec    .         Reflect  .   (no cloak)
rCorr    +         Harm     .   l - +0 pair of gloves
MR       +....                  j - +1 pair of boots
Stlth    ++++......             (no amulet)
HPRegen  0.00/turn              B - +2 ring of intelligence
MPRegen  0.15/turn              g - ring of resist corrosion

@: agile, about to teleport, non-regenerating
A: damage resistance, heal wounds, sense surroundings 2, no regeneration
a: Heal Wounds, Renounce Religion


You were on level 8 of the Dungeon.
You worshipped Makhleb.
Makhleb was aware of your devotion.
You were hungry.

You visited 2 branches of the dungeon, and saw 9 of its levels.
You also visited: Ossuary.

You collected 369 gold pieces.

Inventory:

Hand Weapons
 r - a +3 halberd
 s - the +11 whip of the Thirteen Emperors (weapon) {chaos, rPois rN+ SInv}
   (You found it on level 8 of the Dungeon)

   Each time it hits an enemy it has a different, random effect.
   It protects you from poison.
   It protects you from negative energy.
   It lets you see invisible.
 v - a +0 spear of piercing
 y - a +0 vampiric spear
 A - a +0 war axe of chopping
 D - a +1 spear of freezing
 E - a +2 short sword of flaming
 J - a +3 battleaxe of flaming
Missiles
 b - 4 needles of sleeping
 e - 170 stones (quivered)
 o - 34 bolts
 p - 15 poisoned needles
 t - 6 javelins
 H - 2 curare-tipped needles
Armour
 a - a +0 robe (worn)
 i - a +3 plate armour
 j - a +1 pair of boots (worn)
 l - a +0 pair of gloves (worn)
 F - a +1 helmet (worn)
 K - a +0 cloak
Jewellery
 d - an uncursed ring of positive energy
 g - a ring of resist corrosion (right hand)
 B - a +2 ring of intelligence (left hand)
Wands
 m - a wand of random effects (41)
 L - a wand of acid (10)
Scrolls
 h - 3 scrolls of remove curse
 n - a scroll of teleportation
 z - a scroll of magic mapping
 N - a scroll of fog
Potions
 f - a potion of berserk rage
 q - 4 potions of mutation
 u - 2 potions of flight
 w - 3 potions of heal wounds
 x - 4 potions of curing
 G - a potion of haste {unknown}
 I - 2 potions of ambrosia
 M - a potion of magic {unknown}
Comestibles
 c - 8 rations
 k - a chunk of flesh


   Skills:
 + Level 8.4 Fighting
 - Level 3.0 Dodging
 - Level 5.6 Stealth
 - Level 5.7 Spellcasting
 - Level 8.1 Necromancy


You had 10 spell levels left.
You knew the following spells:

 Your Spells              Type           Power        Failure   Level  Hunger
a - Pain                  Necr           ####         1%          1    None
b - Animate Skeleton      Necr           N/A          1%          1    None
c - Vampiric Draining     Necr           #####.....   1%          3    ##.....
d - Animate Dead          Necr           N/A          3%          4    ####...

Your spell library contained the following spells:

 Spells                   Type           Power        Failure   Level  Hunger
 Regeneration             Chrm/Necr      ###.......   6%          3    ##.....


Dungeon Overview and Level Annotations

Branches:
Dungeon (8/15)             Temple (1/1) D:4
   Lair: D:8-11

Altars:
Ashenzari
Cheibriados
Dithmenos
Elyvilon
Fedhas
Gozag
Hepliaklqana
Kikubaaqudgha
Makhleb
Nemelex Xobeh
Okawaru
Qazlal
Ru
Sif Muna
Trog
Uskayaw
Vehumet
Wu Jian
Xom
Yredelemnul
The Shining One

Shops:
D:6 %[

Annotations:
D:4 TheNamelessOne's ghost, amateur HOAK
D:8 Grum; Joseph; Maurice


Innate Abilities, Weirdness & Mutations

You are resistant to damage.
You can heal yourself by infusing magical energy.
You passively map the area around you.
You do not regenerate.


Message History

The wolf bites you.
* * * LOW HITPOINT WARNING * * *
The adder barely misses you. The hippogriff bites you.
The hippogriff misses you. The hippogriff claws you.
Unknown command.
As you read the scroll of teleportation, it crumbles to dust.
You feel strangely unstable. The wolf barely misses you. The wolf bites you.
The wolf bites you but does no damage. The adder bites you but does no damage.
The wolf bites you but does no damage. The wolf misses you.
The wolf barely misses you. The hippogriff bites you.
* * * LOW HITPOINT WARNING * * *
The hippogriff barely misses you. x2
You feel agile all of a sudden.
You are feeling hungry.
The wolf bites you but does no damage. The wolf misses you.
The adder closely misses you. The wolf closely misses you. The wolf bites you!
* * * LOW HITPOINT WARNING * * *
The wolf closely misses you. The adder closely misses you. The wolf bites you.
The hippogriff barely misses you. The hippogriff pecks you!
You die...

** .......#.............. ,
* #.....#.............. , *
###.....#..............
,,,*
.##!..#.#................
,.?.......##..............
* ....s....l#..:...........
, ,
*,........OZ.Z.............
, .......HS##..............
, ,
..F..g.h@######.....#.... ,
,.......hh# #########..
.....>...# #.. * h.......!#
### ....h....# **##########


You could see a two-headed ogre, a hippogriff, Grum, Maurice the blink frog, 4
wolves, a scorpion, an adder, a leopard gecko and an adder skeleton.

Vanquished Creatures
  A two-headed ogre (D:8)
  A hippogriff (D:7)
  Edmund (D:5)
  A water moccasin (D:6)
  2 orc warriors
  2 sky beasts (D:6)
  A necrophage (D:6)
  A phantom (D:5)
  3 bullfrogs
  A gnoll sergeant (D:8)
  A water moccasin zombie (Ossuary)
  A wyvern skeleton (D:7)
  3 scorpions
  2 wights (D:8)
  2 crimson imps
  A bullfrog skeleton (D:6)
  A quasit (D:7)
  2 hounds
  A jelly (D:8)
  3 orc priests (D:7)
  Jessica (D:3)
  2 iguanas
  Terence (D:3)
  5 worker ants
  3 big kobold zombies (Ossuary)
  A hound skeleton (D:7)
  2 mummies (Ossuary)
  13 gnolls
  5 adders
  A river rat (D:7)
  A shadow imp (D:8)
  8 adder zombies
  2 worms
  3 leopard geckos
  13 orcs
  4 giant cockroaches
  9 goblins
  5 hobgoblins
  12 jackals
  9 kobolds
  5 quokkas
  A ball python (D:4)
  6 bats
  5 frilled lizards
  3 gnoll zombies (Ossuary)
  3 hobgoblin zombies (Ossuary)
  3 kobold zombies (Ossuary)
  10 orc zombies (Ossuary)
  5 rats
172 creatures vanquished.

Vanquished Creatures (collateral kills)
  A hungry ghost (D:7)
  2 bullfrogs
  An orc priest (D:7)
  An ooze (D:3)
  A dart slug (D:1)
  2 orcs
  2 bats (D:1)
  2 goblins
  A quokka (D:4)
  A ball python (D:5)
  A frilled lizard (D:1)
  2 rats
17 creatures vanquished.

Vanquished Creatures (others)
  3 hobgoblin zombies (Ossuary)
3 creatures vanquished.

Grand Total: 192 creatures vanquished

Notes
Turn   | Place    | Note
-------+----------+-------------------------------------------
     0 | D:1      | Supreme the Deep Dwarf Necromancer began the quest for the Orb.
     0 | D:1      | Reached XP level 1. HP: 15/15 MP: 3/3
    21 | D:1      | Learned a level 1 spell: Animate Skeleton
   218 | D:1      | Reached XP level 2. HP: 20/22 MP: 5/5
   832 | D:1      | Reached XP level 3. HP: 23/28 MP: 2/6
  1044 | D:2      | Reached skill level 5 in Necromancy
  1473 | D:2      | Learned a level 3 spell: Vampiric Draining
  1544 | D:2      | Found an ornate altar of the Wu Jian Council.
  1945 | D:3      | Found a bloodstained altar of Trog.
  2038 | D:2      | Reached XP level 4. HP: 29/36 MP: 5/7
  2090 | D:3      | Noticed Jessica
  2097 | D:3      | Killed Jessica
  2293 | D:3      | Reached XP level 5. HP: 29/42 MP: 3/9
  2425 | D:3      | Noticed Terence
  2442 | D:3      | Killed Terence
  2918 | D:3      | Reached XP level 6. HP: 39/50 MP: 11/11
  3045 | D:4      | Found a shattered altar of Ashenzari.
  3115 | D:4      | Found a staircase to the Ecumenical Temple.
  3116 | D:4      | Found a sand-covered staircase.
  3122 | Temple   | Entered the Ecumenical Temple
  3263 | Ossuary  | Entered an ossuary
  3269 | Ossuary  | Learned a level 4 spell: Animate Dead
  3460 | Ossuary  | Reached skill level 1 in Fighting
  3918 | D:4      | Noticed TheNamelessOne's ghost (amateur HOAK)
  4377 | D:4      | Reached XP level 7. HP: 45/61 MP: 13/13
  4418 | D:5      | Entered Level 5 of the Dungeon
  4983 | D:5      | Noticed Edmund
  5064 | D:6      | Found Azucvimn's Food Emporium.
  5084 | D:5      | Reached skill level 5 in Fighting
  5402 | D:6      | Reached XP level 8. HP: 35/75 MP: 0/14
  5710 | D:5      | Killed Edmund
  5800 | D:6      | Found Lonocs's Armour Shop.
  6258 | D:6      | Reached skill level 5 in Spellcasting
  6499 | D:7      | Noticed a hippogriff
  6534 | D:7      | Found a sparkling altar of Nemelex Xobeh.
  6596 | D:7      | Found a glowing golden altar of the Shining One.
  6596 | D:7      | Found a burning altar of Makhleb.
  6596 | D:7      | Found a hide-covered altar of Uskayaw.
  6603 | D:7      | Became a worshipper of Makhleb the Destroyer
  6802 | D:7      | Killed a hippogriff
  7080 | D:7      | Gained mutation: You passively map the area around you. [Deep Dwarf growth]
  7080 | D:7      | Reached XP level 9. HP: 36/82 MP: 7/17
  8242 | D:7      | Reached * piety under Makhleb
  8305 | D:8      | Noticed Joseph
  8334 | D:8      | Noticed a two-headed ogre
  8761 | D:8      | Killed a two-headed ogre
  8761 | D:8      | Reached skill level 5 in Stealth
  8903 | D:8      | Got a blackened whip
  8906 | D:8      | Identified the +11 whip of the Thirteen Emperors {chaos, rPois rN+ SInv} (You found it on level 8 of the Dungeon)
  9020 | D:8      | Noticed Maurice
  9020 | D:8      | Noticed a two-headed ogre
  9025 | D:8      | Noticed Maurice
  9025 | D:8      | Maurice changed into Maurice the blink frog
  9046 | D:8      | Noticed Grum
  9050 | D:8      | HP: 1/90 [wolf[Grum] (9)]
  9050 | D:8      | Slain by a hippogriff

Vault maps used:
D:1:      dpeg_arrival_chase
D:2:      old_standard_altar, first_ration
D:3:      bloody_trog, uniq_jessica, uniq_terence
D:4:      temple_fountains, lightli_ossuary_entry_decrepit_ruins,
          cheibrodos_ashenzari_chains
D:5:      uniq_edmund
D:6:      serial_shops, nicolae_shop_trees, nicolae_shop_crystal
D:7:      lemuel_ratsnest, gammafunk_temple_overflow_claw, basic_altar,
          grunt_ministairs_3
D:8:      uniq_grum, uniq_maurice, uniq_joseph
Temple:   eino_temple_scatter_basement
Ossuary:  ossuary_tomb_2

Skill      XL: |  1  2  3  4  5  6  7  8  9 |
---------------+----------------------------+-----
Spellcasting   | 2 3 4 5 |  5.7
Necromancy     | 5 6 8 |  8.1
Stealth        | 3 4 5 |  5.6
Fighting       | 2 5 6 8 |  8.4
Dodging        | 3 |  3.0

Action                   |  1- 3 |  4- 6 |  7- 9 || total
-------------------------+-------+-------+-------++-------
Melee: Dagger            |    24 |       |       ||    24
       Trident           |     2 |       |       ||     2
       Spear             |       |   337 |   228 ||   565
       War axe           |       |       |    14 ||    14
       Battleaxe         |       |       |    15 ||    15
       Whip              |       |       |     5 ||     5
 Cast: Pain              |    60 |    21 |    15 ||    96
       Animate Skeleton  |    19 |    10 |    17 ||    46
       Vampiric Draining |     2 |    14 |   101 ||   117
       Animate Dead      |       |       |     7 ||     7
 Abil: Heal Wounds       |       |     1 |     1 ||     2
  Use: Scroll            |     2 |     7 |    13 ||    22
       Potion            |       |       |     3 ||     3
 Stab: Sleeping          |     9 |     5 |     1 ||    15
  Eat: Chunk             |     5 |     2 |    15 ||    22
       Ration            |       |     2 |     2 ||     4
Armor: Robe              |     7 |    29 |   104 ||   140
       Plate armour      |       |    86 |       ||    86
Dodge: Dodged            |    29 |   106 |   235 ||   370

Table legend:
 A = Spawn XP
 B = Non-spawn XP
 C = Spawn XP percentage of total XP
 D = Spawn monster count
 E = Non-spawn monster count
 F = Spawn count percentage of total count
 G = Total turns spent on level
                    A         B        C        D         E        F      G
               +---------+---------+-------+---------+---------+-------+---------
         Total |       0 |    4598 |   0.0 |       0 |     187 |   0.0 |  9050
               +---------+---------+-------+---------+---------+-------+---------
           D:1 |       0 |      42 |   0.0 |       0 |      25 |   0.0 |  1061
           D:2 |       0 |      28 |   0.0 |       0 |      18 |   0.0 |   750
           D:3 |       0 |     312 |   0.0 |       0 |      21 |   0.0 |  1156
           D:4 |       0 |     139 |   0.0 |       0 |      13 |   0.0 |   824
           D:5 |       0 |     638 |   0.0 |       0 |      21 |   0.0 |  1200
           D:6 |       0 |     891 |   0.0 |       0 |      15 |   0.0 |   887
           D:7 |       0 |    1081 |   0.0 |       0 |      29 |   0.0 |  1756
           D:8 |       0 |    1254 |   0.0 |       0 |      16 |   0.0 |   727
       Ossuary |       0 |     213 |   0.0 |       0 |      29 |   0.0 |   477
               +---------+---------+-------+---------+---------+-------+---------
